 Dungeon Crawl Stone Soup version 0.19-a0-1223-gf83d13a (webtiles) character file.

24771 4thArraOfDagon the Gelid (level 12, -6/53 HPs)
             Began as a Deep Elf Ice Elementalist on Aug 24, 2016.
             Was a High Priest of Vehumet.
             Mangled by an orc knight
             ... wielding a +0 great sword
              (27 damage)
             ... on level 2 of the Orcish Mines.
             The game lasted 00:51:27 (6748 turns).

4thArraOfDagon the Gelid (DEIE)                     Turns: 6748, Time: 00:51:28

Health: -6/53      AC:  8    Str:  5    XL:     12   Next: 83%
Magic:  16/30      EV: 13    Int: 28    God:    Vehumet [*****.]
Gold:   576        SH:  0    Dex: 15    Spells: 7 memorised, 12 levels left

rFire  . . .     SeeInvis .     n - 2 scrolls of remove curse
rCold  + . .     Gourm    .     a - +1 robe
rNeg   . . .     Faith    .     (no shield)
rPois  .         Spirit   .     (helmet restricted)
rElec  .         Dismiss  .     i - +1 cloak
rCorr  .         Reflect  .     (no gloves)
MR     +....     Harm     .     L - +2 pair of boots {run}
Stlth  +.........               E - amulet of magic regeneration
                                F - ring of flight
                                y - ring of protection from cold

@: confused, about to teleport, quick
A: horns 1, clever 1, frail 1, no device heal 1
a: Renounce Religion, Evoke Flight


You were on level 2 of the Orcish Mines.
You worshipped Vehumet.
Vehumet was extremely pleased with you.
You were not hungry.

You visited 2 branches of the dungeon, and saw 17 of its levels.
You also visited: Sewer and Bailey.

You collected 1239 gold pieces.
You spent 663 gold pieces at shops.

Inventory:

Hand Weapons
 D - a +2 flail of protection
 P - the +5 war axe of the Harvest {venom, *Drain rElec rPois Str+9}
   (You found it on level 14 of the Dungeon)

   It poisons the flesh of those it strikes.
   It affects your strength (+9).
   It insulates you from electricity.
   It protects you from poison.
   It causes draining when unequipped.
Missiles
 J - a throwing net (quivered)
Armour
 a - a +1 robe (worn)
 i - a +1 cloak (worn)
 p - a +1 helmet
 L - a +2 pair of boots of running (worn)
 T - a troll hide
Jewellery
 y - a ring of protection from cold (left hand)
 C - an uncursed ring of fire
 E - an amulet of magic regeneration (around neck)
 F - a ring of flight (right hand)
Wands
 j - a wand of teleportation (4/9)
 t - a wand of lightning (3/15)
 u - a wand of acid (1/15)
 w - a wand of flame (0/48)
 O - a wand of paralysis (7/24)
 U - a wand of teleportation (0/9)
Scrolls
 n - 2 scrolls of remove curse (in hand)
 o - 2 scrolls of immolation {unknown}
 q - a scroll of amnesia {unknown}
 r - a scroll of enchant armour
 v - a scroll of enchant weapon
 x - 2 scrolls of teleportation {unknown}
 A - a scroll of random uselessness {unknown}
 N - a scroll of fear {unknown}
Potions
 d - a potion of cure mutation
 h - a potion of mutation {unknown}
 k - 3 potions of might
 l - 2 potions of flight
 m - 2 potions of agility {unknown}
 s - a potion of degeneration
 z - 3 potions of lignification
 I - a potion of cancellation {unknown}
 K - a potion of ambrosia
 Q - a potion of beneficial mutation {unknown}
Books
 b - a book of Frost

   Spells                             Type                      Level
   a - Freeze                         Ice                          1
   b - Throw Frost                    Conjuration/Ice              2
   c - Ozocubu's Armour               Charms/Ice                   3
   d - Throw Icicle                   Conjuration/Ice              4
   e - Summon Ice Beast               Ice/Summoning                4
Miscellaneous
 g - 2 sacks of spiders
 M - a box of beasts
 S - a fan of gales
Comestibles
 c - 7 bread rations
 f - 4 meat rations
 B - 2 chunks of flesh


   Skills:
 - Level 2.4 Dodging
 - Level 2.4 Stealth
 + Level 12.6 Spellcasting
 * Level 14.2 Conjurations
 * Level 15.1 Ice Magic


You had 12 spell levels left.
You knew the following spells:

 Your Spells              Type           Power        Failure   Level  Hunger
a - Freeze                Ice            ####         0%          1    None
b - Throw Icicle          Conj/Ice       #######.     1%          4    None
c - Apportation           Tloc           ###.......   3%          1    None
d - Throw Frost           Conj/Ice       ######       0%          2    None
e - Summon Ice Beast      Ice/Summ       ######..     1%          4    None
f - Freezing Cloud        Conj/Ice/Air   ######....   3%          6    ####...
g - Iron Shot             Conj/Erth      ######....   8%          6    ####...


Dungeon Overview and Level Annotations

Branches:
Dungeon (15/15)               Orc (2/2) D:12            Elf (0/3) Orc:2
 Vaults (0/5) D:14
 Temple: D:4-7         Lair: D:8-11      Depths: D:15

Altars:
Cheibriados
Elyvilon
Vehumet

Shops:
D:12 (   Orc:2 }*:

Annotations:
D:11 exclusion: downstairs, Sonja
D:14 exclusion: downstairs
Orc:2 Saint Roka; UnlimitedFusion's ghost, journeyman DrBe


Innate Abilities, Weirdness & Mutations

You have a pair of small horns on your head.
Your mind is acute. (Int +2)
You are frail. (-10% HP)
Potions and wands are less effective at restoring your health.


Message History

Press: ? - help, Shift-Dir - straight line, f - you You feel strangely unstable.
This wand has 0 charges left.
The orc knight shouts!
You hear a shout!
An orc priest comes into view. It is wielding a short sword.
The orc knight roars a battlecry!
The orc priest goes into a battle-frenzy!
Unknown command.
Unknown command.
Unknown command.
Things that are here:
a tomahawk; a robe; a dagger Unknown command.
Unknown command.
It was a potion of ambrosia.
You are confused.
Your system partially rejects the healing.
You feel invigorated.
The orc knight hits you with a great sword!!
Ouch! That really hurt!
You die...

..........#.####### ###
..#.......)..#
#...........## ###.##......#
.#####.†.[).# .####.......#
.##........## ..........##
### .........## ##@###
.......### #.o..## .....###
##)(.(### #### .##
...)[.#### #.))[##.#o....
... .......#.#
##o)###.#...[o ...
.........### ##[.)#....)o[.
...
.........#.####.).#)..)..[..
...
.....)....###.#[..))..[).[..
...
.###.[....##.((.).)...))..).
...


You could see an orc knight and an orc priest.

Vanquished Creatures
  An orc warlord (Orc:2)
  A hydra (D:12)
  2 orc high priests (Orc:2)
  A wizard (D:14)
  3 hill giants
  An ugly thing (D:13)
  3 orc knights
  A wolf spider zombie (D:13)
  3 orc sorcerers (Orc:2)
  A cyclops (D:13)
  A deep elf mage (D:12)
  A gargoyle (D:11)
  A centaur skeleton (D:13)
  A kobold demonologist (D:10)
  6 trolls
  A two-headed ogre (D:12)
  A shadow (D:13)
  2 wyverns
  11 yaks
  A hippogriff (D:8)
  4 humans (D:14)
  2 wargs (Orc:2)
  2 vampire mosquitoes (D:13)
  A water moccasin (D:9)
  A black bear (D:11)
  3 ice beasts
  31 orc warriors
  2 sky beasts
  9 ogres
  A centaur (D:10)
  5 giant frogs
  A gnoll sergeant (D:12)
  5 killer bees (D:13)
  A wight (D:8)
  4 crimson imps
  2 quasits
  A giant frog zombie (D:12)
  5 hounds
  A giant frog skeleton (D:12)
  17 orc priests
  14 orc wizards
  Terence (D:2)
  6 worker ants
  A hound zombie (D:9)
  2 hound skeletons
  9 gnolls
  7 adders
  A shadow imp (D:9)
  An ooze (D:6)
  A giant gecko (D:7)
  61 orcs
  3 ball pythons (Sewer)
  2 giant cockroaches (D:6)
  2 hobgoblins
  4 quokkas
  5 bats
  3 giant newts
  9 kobolds (Sewer)
  3 rats
276 creatures vanquished.

Vanquished Creatures (collateral kills)
  A centaur warrior (D:13)
  The ghost of p0werm0de the Fighter, a novice DsWn of Cheibriados (Bailey)
  A wizard (D:14)
  A hill giant (D:12)
  An orc knight (Bailey)
  A centaur zombie (D:13)
  A wyvern (D:14)
  3 yaks (D:12)
  A vampire mosquito (D:13)
  12 humans (D:14)
  A hippogriff (D:11)
  A warg (Orc:2)
  4 orc warriors
  A giant frog (D:14)
  A killer bee (D:13)
  3 centaur skeletons
  12 orcs
  3 goblins (D:13)
49 creatures vanquished.

Vanquished Creatures (others)
  3 plants (D:12)
3 creatures vanquished.

Grand Total: 328 creatures vanquished

Notes
Turn   | Place    | Note
-------+----------+-------------------------------------------
     0 | D:1      | 4thArraOfDagon the Deep Elf Ice Elementalist began the quest for the Orb.
     0 | D:1      | Reached XP level 1. HP: 10/10 MP: 6/6
   183 | D:3      | Reached XP level 2. HP: 10/15 MP: 2/8
   227 | D:2      | Noticed Terence
   232 | D:2      | Killed Terence
   232 | D:2      | Reached skill level 4 in Ice Magic
   232 | D:2      | Reached XP level 3. HP: 19/19 MP: 2/10
   272 | D:5      | Entered Level 5 of the Dungeon
   356 | D:5      | Reached XP level 4. HP: 20/24 MP: 4/12
   369 | D:5      | Learned a level 4 spell: Throw Icicle
   625 | D:5      | Reached skill level 5 in Ice Magic
   698 | D:6      | Reached XP level 5. HP: 14/28 MP: 8/13
   707 | D:6      | Noticed an ogre
   733 | D:6      | Found a glowing drain.
   791 | Sewer    | Entered a sewer
   795 | Sewer    | meh
   875 | Sewer    | mopl: you thought it was another layout, didn't you ?
   936 | D:6      | 4thArraOfDagon: yea
   999 | D:7      | Reached skill level 5 in Spellcasting
  1050 | D:7      | 4thArraOfDagon: anyway it looks like another atheist char
  1076 | D:7      | Reached XP level 6. HP: 32/32 MP: 12/15
  1138 | D:7      | Noticed an ice beast
  1290 | D:7      | Killed an ice beast
  1290 | D:7      | Reached skill level 6 in Ice Magic
  1354 | D:7      | magipi: hello
  1381 | D:7      | 4thArraOfDagon: hi
  1422 | D:8      | Found a radiant altar of Vehumet.
  1450 | D:8      | Noticed a hippogriff
  1451 | D:8      | Noticed a sky beast
  1495 | D:8      | Found a snail-covered altar of Cheibriados.
  1499 | D:8      | Killed a hippogriff
  1499 | D:8      | Reached XP level 7. HP: 8/36 MP: 0/17
  1522 | D:8      | Reached skill level 7 in Ice Magic
  1528 | D:8      | Gained mutation: Your spells are a little harder to cast, but a little more powerful. [mutagenic meat]
  1558 | D:8      | Became a worshipper of Vehumet
  1558 | D:8      | mopl: nice mut
  1565 | D:8      | Learned a level 1 spell: Apportation
  1587 | D:8      | Learned a level 2 spell: Throw Frost
  1592 | D:8      | Reached skill level 5 in Conjurations
  1597 | D:8      | magipi: apport?
  1622 | D:8      | Found a white marble altar of Elyvilon.
  1681 | D:8      | Learned a level 4 spell: Summon Ice Beast
  1893 | D:9      | Reached XP level 8. HP: 38/41 MP: 7/19
  1996 | D:10     | Entered Level 10 of the Dungeon
  2102 | D:9      | Reached skill level 8 in Ice Magic
  2174 | D:10     | Noticed a kobold demonologist
  2191 | D:10     | Killed a kobold demonologist
  2298 | D:10     | Reached skill level 9 in Ice Magic
  2385 | D:10     | Reached * piety under Vehumet
  2385 | D:10     | Offered knowledge of Sting by Vehumet.
  2403 | D:10     | Reached XP level 9. HP: 45/45 MP: 5/22
  2458 | D:10     | 4thArraOfDagon: it starts
  2568 | D:11     | Noticed a gargoyle
  2627 | D:10     | mopl: :)
  2637 | D:10     | Ultraviolent4: nice
  2726 | D:11     | Noticed Sonja
  2939 | D:11     | Reached skill level 10 in Ice Magic
  2976 | D:12     | Noticed a hill giant
  3009 | D:11     | Learned a level 6 spell: Freezing Cloud
  3062 | D:12     | Found Boisokej's Antique Weapon Shop.
  3062 | D:12     | Noticed a hill giant
  3065 | D:12     | Killed a hill giant
  3089 | D:12     | Noticed a cyclops
  3124 | D:12     | Offered knowledge of Sandblast by Vehumet.
  3159 | D:12     | Noticed a troll
  3173 | D:12     | Killed a troll
  3173 | D:12     | Reached XP level 10. HP: 44/50 MP: 11/25
  3278 | D:12     | Noticed a deep elf mage
  3306 | D:12     | Noticed a five-headed hydra
  3333 | D:12     | Killed a deep elf mage
  3333 | D:12     | Reached ** piety under Vehumet
  3333 | D:12     | Reached skill level 11 in Ice Magic
  3359 | D:12     | Found a staircase to the Orcish Mines.
  3460 | D:12     | Killed a five-headed hydra
  3460 | D:12     | Reached skill level 10 in Conjurations
  3567 | D:12     | Killed a hill giant
  3625 | D:11     | Killed a gargoyle
  3625 | D:11     | Reached skill level 10 in Spellcasting
  3708 | D:12     | Reached skill level 12 in Ice Magic
  3714 | D:12     | Gained mutation: Potions and wands are less effective at restoring your health. [mutagenic meat]
  3717 | D:12     | Gained mutation: Your mind is acute. (Int +2) [mutagenic meat]
  3720 | D:12     | Gained mutation: You evolve. [mutagenic meat]
  3726 | D:12     | Lost mutation: Your spells are a little harder to cast, but a little more powerful. [mutagenic meat]
  3729 | D:12     | Lost mutation: You evolve. [mutagenic meat]
  3743 | D:12     | 4thArraOfDagon: thats even better
  3878 | D:13     | Noticed a centaur warrior
  3902 | D:13     | Found a flagged portal.
  3915 | Bailey   | Entered a bailey
  3920 | Bailey   | good
  3940 | Bailey   | Offered knowledge of Static Discharge by Vehumet.
  3959 | Bailey   | Noticed p0werm0de's ghost (novice DsWn)
  4028 | Bailey   | Killed p0werm0de's ghost
  4078 | Bailey   | Reached *** piety under Vehumet
  4141 | Bailey   | Noticed an orc knight
  4150 | Bailey   | Killed an orc knight
  4150 | Bailey   | Reached XP level 11. HP: 54/54 MP: 9/27
  4228 | Bailey   | :)
  4236 | Bailey   | Identified a +2 pair of boots of running (You found it in a bailey)
  4236 | Bailey   | Ultraviolent4: :)
  4249 | Bailey   | Noticed an orc knight
  4250 | Bailey   | magipi: wow
  4261 | Bailey   | Killed an orc knight
  4274 | Bailey   | Ultraviolent4: dont say wow
  4303 | D:13     | Ultraviolent4: just stay positive
  4305 | D:13     | Ultraviolent4: :)
  4372 | D:15     | Entered Level 15 of the Dungeon
  4372 | D:15     | Noticed a wizard
  4448 | D:13     | Noticed a hill giant
  4451 | D:13     | Killed a hill giant
  4560 | D:14     | Got a jewelled war axe
  4562 | D:14     | Identified the +5 war axe of the Harvest {venom, *Drain rElec rPois Str+9} (You found it on level 14 of the Dungeon)
  4570 | D:14     | Noticed a wizard
  4570 | D:14     | Noticed a wizard
  4581 | D:14     | Offered knowledge of Dazzling Spray by Vehumet.
  4599 | D:14     | Killed a wizard
  4599 | D:14     | Reached skill level 13 in Ice Magic
  4603 | D:14     | Killed a wizard
  4645 | D:14     | Found a gate to the Vaults.
  4645 | D:14     | Noticed a vault guard
  4645 | D:14     | Noticed a vault guard
  4645 | D:14     | Noticed a wizard
  4645 | D:14     | Noticed a necromancer
  4682 | D:13     | Killed a centaur warrior
  4718 | D:13     | Noticed a hill giant
  5094 | D:13     | Killed a hill giant
  5244 | D:13     | Reached **** piety under Vehumet
  5258 | D:13     | Noticed a cyan ugly thing
  5265 | D:13     | Killed a cyan ugly thing
  5271 | D:13     | Gained mutation: You are frail. (-10% HP) [mutagenic meat]
  5277 | D:13     | Gained mutation: You have a pair of small horns on your head. [mutagenic meat]
  5330 | D:13     | Reached XP level 12. HP: 31/53 MP: 2/29
  5355 | D:13     | mopl: what 'positive' did I miss ?
  5355 | D:13     | Ultraviolent4: finding CPA in bailey
  5355 | D:13     | mopl: shuffle + Chei should be enough :p
  5439 | Orc:1    | Entered Level 1 of the Orcish Mines
  5442 | Orc:2    | Entered Level 2 of the Orcish Mines
  5457 | Orc:2    | Noticed UnlimitedFusion's ghost (journeyman DrBe)
  5479 | Orc:2    | Offered knowledge of Iskenderun's Mystic Blast by Vehumet.
  5485 | Orc:2    | Reached skill level 14 in Ice Magic
  5543 | Orc:2    | Noticed Saint Roka
  5758 | Orc:1    | Reached ***** piety under Vehumet
  5762 | Orc:1    | Offered knowledge of Iron Shot by Vehumet.
  5773 | Orc:1    | Learned a level 6 spell: Iron Shot
  5875 | Orc:2    | Found a staircase to the Elven Halls.
  5998 | Orc:2    | Found Yfav's Gadget Emporium.
  6007 | Orc:2    | Bought a wand of teleportation (4/9) for 312 gold pieces
  6145 | Orc:2    | Noticed an orc warlord
  6167 | Orc:2    | Killed an orc warlord
  6182 | Orc:2    | SaintRoka: ?greaternaga SaintRoka
  6255 | Orc:2    | Noticed an orc high priest
  6257 | Orc:2    | Killed an orc high priest
  6277 | Orc:2    | Noticed an orc high priest
  6278 | Orc:2    | Found Ihenac's General Store.
  6278 | Orc:2    | Found Wexta's Book Boutique.
  6369 | Orc:2    | Bought a wand of teleportation (5/9) for 351 gold pieces
  6677 | Orc:2    | Reached skill level 15 in Ice Magic
  6707 | Orc:2    | Noticed an orc high priest
  6713 | Orc:2    | Killed an orc high priest
  6748 | Orc:2    | Mangled by an orc knight

Vault maps used:
D:1:      lightli_arrival_windingriver
D:2:      ecumenical_altar_2, first_bread, uniq_terence
D:4:      kennysheep_spiral_hall, fedhas_altar_4
D:5:      minmay_misc_feat_diagonals, uniq_duvessa
D:6:      gup_sewer_entry_glass
D:7:      uniq_prince_ribbit1
D:8:      kennysheep_little_box, grunt_temple_overflow_open
D:9:      serial_glass, glass_columns_a, glass_columns_a,
          hangedman_pestilent_swarm
D:10:     lightli_fourway_metalbox
D:11:     erik_lair_dragon, uniq_sonja, uniq_josephine
D:12:     orc_0_dummy, serial_shops, shop, serial_bayou_crossing
D:13:     enter_bailey_7
D:14:     grunt_vaults_entry_tiered, evilmike_ruin_ashenzari, basic_altar,
          serial_shops, shop, uniq_rupert
D:15:     gammafunk_depths_entry_grave, minivault_24, serial_shops,
          nicolae_shop_stone
Orc:2:    st_orc_congregation, serial_shops, shop, uniq_saint_roka
Sewer:    kennysheep_pipe_town
Bailey:   bailey_polearm_1, bailey

Skill      XL: |  1  2  3  4  5  6  7  8  9 10 11 12 |
---------------+-------------------------------------+-----
Ice Magic      | 4 5 6 7 9 10 12 13 15 | 15.1
Spellcasting   | 4 5 6 7 9 10 11 12 | 12.6
Conjurations   | 2 4 5 7 9 11 12 14 | 14.2
Dodging        | |  2.4
Stealth        | |  2.4

Action                   |  1- 3 |  4- 6 |  7- 9 | 10-12 || total
-------------------------+-------+-------+-------+-------++-------
Melee: Unarmed           |     2 |     1 |       |       ||     3
       Short sword       |       |    27 |    13 |       ||    40
       Flail             |       |       |    25 |    53 ||    78
       Hand axe          |       |       |     3 |       ||     3
 Cast: Freeze            |    27 |    64 |    68 |    55 ||   214
       Throw Icicle      |       |    11 |    34 |   123 ||   168
       Throw Frost       |       |       |    10 |    28 ||    38
       Summon Ice Beast  |       |       |    11 |    52 ||    63
       Freezing Cloud    |       |       |       |    50 ||    50
       Iron Shot         |       |       |       |     5 ||     5
Evoke: Wand              |       |       |       |    25 ||    25
       Box of beasts     |       |       |       |     1 ||     1
  Use: Potion            |     1 |     5 |     1 |     9 ||    16
       Scroll            |     2 |     4 |     3 |     7 ||    16
 Stab: Paralysed         |       |       |       |     1 ||     1
  Eat: Chunk             |       |     2 |     4 |    31 ||    37
       Pizza             |       |       |     3 |     1 ||     4
       Fruit             |       |       |     3 |       ||     3
       Beef jerky        |       |       |       |     1 ||     1
Armor: Robe              |     7 |    34 |    44 |    64 ||   149
Dodge: Dodged            |    30 |    68 |    77 |   101 ||   276
